Map: Nightshade LE

Players

Massa

  • Race: Terran Terran
  • League: Gold
  • Spawn Location: 5:00

kenny - Winner!

  • Race: Protoss Protoss
  • League: Platinum
  • Spawn Location: 11:00

VOD

Have the link to the VOD?

Description

Time

  • Played on: April 16, 2020, 11:49 a.m.
  • Length: 20:48
Show
View Real Time Build Order
Export as new Build Order

Massa Terran 

Build Orders:  

Get SALT Encoding   

  12  0:11  Supply Depot  
  12  0:13  SCV  
  13  0:25  SCV  
  14  0:33  Barracks  
  14  0:38  SCV  
  15  0:50  SCV  
  15  0:51  Supply Depot  
  16  1:02  SCV  
  16  1:04  Refinery  
  17  1:13  Refinery  
  17  1:14  SCV  
  18  1:26  SCV  
  19  1:38  SCV  
  20  1:44  Reaper  
  21  1:50  SCV  
  22  2:02  SCV  
  22  2:05  Factory  
  23  2:14  SCV  
  24  2:16  Barracks Tech Lab  
  24  2:28  Command Center  
  24  2:32  SCV  
  25  3:11  Orbital Command  
  25  3:22  Barracks  
  25  3:40  Siege Tank  
  28  3:44  Barracks Reactor, Engineering Bay  
  28  4:05  Barracks  
  28  4:06  Barracks  
  28  4:11  Barracks Tech Lab  
  28  4:13  Siege Tank  
  28  4:17  SCV  
  32  4:23  SCV  
  33  4:29  SCV  
  34  4:35  SCV  
  34  4:36  Marauder  
  34  4:37  Marine x2  
  39  4:41  SCV  
  40  4:47  SCV  
  41  4:53  SCV  
  41  4:54  Marine  
  41  4:55  Marine  
  41  4:58  Marauder  
  46  5:01  Missile Turret  
  46  5:05  Supply Depot  
  46  5:11  Barracks Reactor  
  46  5:12  Barracks Reactor  
  46  5:17  Sensor Tower  
  46  5:22  Missile Turret  
  46  5:25  Combat Shield  
  46  5:26  Marine x2  
  46  5:27  SCV x2  
  46  5:28  Supply Depot  
  50  5:29  Marauder  
  52  5:39  Supply Depot, SCV x2  
  52  5:42  Terran Infantry Weapons Level 1, Missile Turret  
  54  5:50  Marauder  
  54  5:51  SCV  
  54  5:53  Marine x3  
  54  5:54  Engineering Bay, Marine x2  
  62  6:01  Marine, SCV  
  62  6:03  SCV  
  65  6:11  Marauder  
  65  6:14  Missile Turret  
  67  6:23  Starport  
  67  6:26  Terran Infantry Armor Level 1  
  67  6:29  Marine x3  
  70  6:35  Missile Turret  
  70  6:36  Supply Depot  
  70  6:55  Missile Turret  
  70  6:57  Marine x3, Orbital Command, SCV  
  74  7:01  Refinery  
  74  7:02  Siege Tank  
  77  7:09  SCV  
  77  7:10  Supply Depot  
  77  7:15  Supply Depot  
  77  7:19  Supply Depot  
  77  7:27  Sensor Tower  
  77  7:48  Armory  
  77  7:51  Starport Reactor  
  77  7:58  Command Center  
  77  8:07  Bunker  
  77  8:23  Supply Depot  
  77  8:24  Neosteel Armor  
  77  8:27  Hi-Sec Auto Tracking  
  77  8:35  Armory  
  77  8:38  Bunker  
  77  8:40  Viking x2  
  81  8:45  Supply Depot  
  81  8:55  Refinery  
  81  8:58  SCV  
  82  9:10  Viking x2, SCV  
  82  9:14  Missile Turret  
  82  9:16  Missile Turret  
  87  9:22  SCV  
  87  9:24  Terran Infantry Weapons Level 2  
  88  9:35  Missile Turret  
  88  9:40  Viking, Command Center  
  90  9:47  Sensor Tower  
  90  9:54  Bunker  
  90  10:01  Marine x5, Marauder  
  90  10:03  Viking  
  99  10:08  Terran Ship Weapons Level 1  
  99  10:10  Viking  
  101  10:22  Marauder  
  103  10:31  Command Center  
  103  10:32  Thor  
  103  10:33  Viking  
  111  10:38  Marine  
  111  10:39  Marine x5  
  111  10:40  Viking  
  119  10:43  Marine  
  120  10:56  Marine  
  120  10:57  Marine x5  
  121  11:01  SCV x2  
  128  11:13  SCV x2  
  128  11:18  Terran Vehicle And Ship Armor Level 1  
  130  11:21  Terran Infantry Armor Level 2  
  130  11:25  SCV x2  
  130  11:29  Stimpack  
  132  11:36  Viking x2  
  132  11:37  SCV  
  137  11:58  Sensor Tower  
  137  11:59  SCV  
  138  12:02  SCV  
  138  12:03  Terran Vehicle Weapons Level 1  
  138  12:05  SCV  
  138  12:06  Viking x2  
  144  12:11  SCV  
  144  12:14  SCV  
  146  12:17  SCV  
  146  12:22  SCV x2  
  149  12:23  SCV  
  149  12:26  SCV  
  149  12:29  SCV  
  152  12:34  SCV x2  
  152  12:35  SCV  
  155  12:38  SCV  
  155  12:39  Terran Infantry Weapons Level 3  
  155  12:42  SCV  
  157  12:46  SCV x2  
  157  12:47  SCV  
  157  12:49  Marine, Marauder  
  163  13:03  Supply Depot  
  163  13:09  Concussive Shells  
  163  13:12  Terran Ship Weapons Level 2  
  163  13:24  Marine, Thor, SCV  
  163  13:26  Supply Depot  
  171  13:34  Factory  
  171  13:47  Marine x2, SCV x4  
  171  13:48  Marauder  
  179  13:49  Supply Depot  
  179  13:52  Supply Depot  
  179  13:56  Terran Vehicle And Ship Armor Level 2  
  179  14:00  Supply Depot  
  179  14:10  Marine x5  
  179  14:12  Supply Depot  
  179  14:13  Thor  
  179  14:15  Supply Depot  
  190  14:19  Factory  
  190  14:23  Supply Depot  
  190  14:28  Marine  
  191  14:36  Supply Depot  
  191  14:38  Refinery, Supply Depot  
  191  14:40  Refinery  
  185  15:02  Supply Depot  
  183  15:10  Marine, Marauder  
  183  15:11  Marine x5  
  188  15:28  Marine x3  
  188  15:29  Marine x3  
  188  15:32  Marauder  
  195  15:46  Marine x4  
  195  15:50  Orbital Command  
  195  15:53  Marauder  
  197  15:57  Missile Turret  
  190  16:15  Marauder  
  190  16:32  SCV  
  191  16:44  SCV  
  156  16:56  SCV  
  156  16:59  Viking x2  
  128  17:04  Factory Tech Lab  
  128  17:05  Factory Tech Lab  
  105  17:09  Missile Turret  
  105  17:11  Marine  
  105  17:12  Marine x6  
  67  17:28  Missile Turret  
  67  17:29  Viking x2, Marine x4  
  70  17:30  Marine x3, Orbital Command  
  76  17:38  Thor x2  
  86  17:49  Missile Turret  
  76  17:57  Starport  
  76  17:58  Starport  
  76  18:00  Starport  
  80  18:07  Engineering Bay  
  77  18:18  Thor  
  75  18:21  Thor x2  
  59  18:59  Barracks x2  
  59  19:00  Barracks x2  
  59  19:01  Barracks x2  
  59  19:04  Barracks  
  59  19:07  Barracks  
  47  19:23  SCV  
  38  19:33  Supply Depot  
  38  19:41  Supply Depot  
  38  19:49  Barracks  
  38  19:54  Marine x7, SCV  
  38  19:56  Supply Depot  
  46  20:03  Supply Depot, SCV  
  46  20:06  SCV  
  48  20:09  Supply Depot  
  48  20:10  Supply Depot  
  48  20:12  Marine x6  
  54  20:17  Marine  
  54  20:18  SCV  
  54  20:19  Supply Depot  
  57  20:26  Supply Depot  
  55  20:29  Barracks  
  55  20:30  Marine, Barracks  
  55  20:31  SCV  
  55  20:32  Supply Depot  
  62  20:41  Supply Depot  
Show
View Real Time Build Order
Export as new Build Order

kenny Protoss - Winner!

Build Orders: Carriers 

Get SALT Encoding   

  12  0:01  Probe  
  13  0:20  Pylon  
  13  0:22  Probe (Chrono Boost)  
  14  0:34  Probe (Chrono Boost)  
  15  0:42  Probe (Chrono Boost)  
  16  0:48  Probe  
  16  0:49  Gateway  
  17  0:59  Assimilator  
  17  1:00  Probe (Chrono Boost)  
  18  1:05  Assimilator  
  18  1:10  Pylon  
  18  1:12  Probe (Chrono Boost)  
  19  1:20  Probe (Chrono Boost)  
  20  1:27  Probe  
  21  1:38  Cybernetics Core  
  21  1:39  Probe  
  22  1:51  Probe  
  23  2:01  Nexus  
  23  2:03  Probe  
  24  2:13  Adept (Chrono Boost)  
  24  2:15  Probe  
  27  2:25  Gateway  
  27  2:27  Probe  
  28  2:39  Probe  
  29  2:49  Pylon  
  29  2:52  Adept  
  31  3:10  Warp Gate  
  31  3:17  Probe x2  
  33  3:20  Stargate x2  
  33  3:29  Probe  
  34  3:37  Twilight Council  
  34  3:44  Pylon, Probe  
  35  3:48  Adept  
  37  3:59  Pylon, Probe (Chrono Boost)  
  37  4:00  Probe (Chrono Boost)  
  37  4:02  Pylon  
  41  4:10  Probe x2 (Chrono Boost)  
  41  4:14  Probe (Chrono Boost)  
  41  4:15  Probe (Chrono Boost), Resonating Glaives  
  42  4:20  Oracle  
  46  4:25  Probe  
  46  4:26  Probe  
  46  4:31  Forge  
  48  4:38  Oracle, Probe x2  
  53  4:50  Probe x2  
  53  4:51  Assimilator  
  55  4:53  Assimilator  
  55  5:08  Oracle  
  55  5:11  Probe x2  
  60  5:14  Nexus  
  60  5:40  Fleet Beacon  
  60  5:44  Photon Cannon  
  60  5:46  Photon Cannon  
  60  5:50  Probe x2  
  62  6:00  Photon Cannon  
  62  6:02  Probe  
  62  6:03  Photon Cannon  
  63  6:06  Photon Cannon  
  63  6:16  Stargate  
  63  6:18  Pylon  
  63  6:23  Stargate  
  63  6:24  Pylon  
  63  6:30  Dark Shrine  
  63  6:33  Cybernetics Core  
  63  6:35  Probe  
  63  6:36  Probe x2  
  66  6:43  Protoss Air Weapons Level 1  
  66  6:48  Probe x3  
  66  6:53  Carrier  
  75  7:00  Probe x3  
  78  7:06  Assimilator  
  78  7:07  Assimilator  
  78  7:12  Probe x3  
  81  7:26  Carrier  
  87  7:31  Probe x2  
  87  7:32  Probe  
  90  7:43  Probe  
  90  7:44  Probe x2  
  93  7:48  Nexus  
  93  7:49  Robotics Facility  
  93  7:52  Charge, Assimilator  
  93  7:55  Assimilator  
  93  8:02  Protoss Air Armor Level 1 (Chrono Boost)  
  93  8:10  Probe x3  
  93  8:11  Pylon, Carrier  
  102  8:13  Pylon, Protoss Shields Level 1 (Chrono Boost)  
  102  8:22  Probe x2  
  104  8:30  Photon Cannon  
  104  8:35  Photon Cannon, Probe x3  
  104  8:38  Carrier  
  113  8:42  Observer  
  113  8:44  Photon Cannon  
  114  8:48  Pylon  
  114  8:52  Pylon  
  114  8:54  Dark Templar x2  
  118  8:55  Pylon  
  118  9:04  Observer  
  118  9:07  Shield Battery  
  118  9:08  Shield Battery  
  118  9:09  Shield Battery  
  119  9:12  Shield Battery  
  119  9:14  Shield Battery  
  119  9:16  Shield Battery, Carrier  
  125  9:17  Shield Battery  
  125  9:25  Probe x2  
  125  9:26  Probe  
  128  9:31  Protoss Air Weapons Level 2 (Chrono Boost)  
  128  9:36  Carrier  
  134  9:42  Carrier  
  140  9:56  Pylon  
  140  9:57  Pylon  
  140  10:00  Pylon, Probe x4  
  144  10:12  Probe x2  
  146  10:16  Nexus  
  146  10:18  Assimilator  
  146  10:22  Assimilator  
  146  10:23  Forge  
  146  10:24  Forge  
  146  10:32  Photon Cannon  
  146  10:37  Photon Cannon  
  146  10:38  Carrier  
  146  10:40  Photon Cannon  
  146  10:42  Protoss Air Armor Level 2 (Chrono Boost)  
  152  10:46  Carrier  
  164  11:04  Carrier x2  
  170  11:19  Pylon x2, Shadow Stride  
  170  11:21  Protoss Shields Level 2 (Chrono Boost), Pylon, Protoss Ground Weapons Level 1  
  170  11:22  Protoss Ground Armor Level 1  
  170  11:52  Stargate  
  170  11:58  Stargate  
  170  11:59  Stargate  
  170  12:00  Nexus  
  170  12:03  Stargate  
  170  12:06  Protoss Air Weapons Level 3 (Chrono Boost)  
  170  12:11  Pylon  
  170  12:13  Carrier x2  
  182  12:15  Photon Cannon  
  182  12:19  Photon Cannon  
  182  12:25  Photon Cannon  
  182  12:31  Robotics Bay, Carrier  
  182  12:32  Carrier  
  194  13:26  Carrier  
  200  13:33  Protoss Ground Weapons Level 2 (Chrono Boost)  
  200  13:40  Protoss Ground Armor Level 2 (Chrono Boost)  
  200  13:44  Anion Pulse-Crystals  
  200  13:46  Gravitic Boosters  
  200  13:48  Blink  
  200  13:53  Protoss Air Armor Level 3 (Chrono Boost)  
  200  14:43  Gravitic Drive  
  200  14:48  Flux Vanes  
  200  15:40  Extended Thermal Lance  
  187  16:21  Carrier x2  
  181  16:57  Carrier  
  181  16:58  Carrier x2  
  191  18:55  Carrier  
  197  20:00  Dark Templar  
Tags
 
Composition
Carriers
Matchup
PvT
Replay Pack
Multiplayer
Spawn Locations
Cross Positions
Add a new tag
Caveats
  • Supply blocks, unpowered buildings, or Contaminate may cause inaccurate times.
  • Supply counts are checked every 10 seconds.